 Dungeon Crawl Stone Soup version 0.29-a0-577-gafbf2c5d25 (webtiles) character file.

Game seed: 5397107986095324710

130 shoop the Insei (level 5, -1/41 HPs)
             Began as a Meteoran Transmuter on June 13, 2022.
             Slain by an iguana (14 damage)
             ... on level 4 of the Dungeon.
             The game lasted 00:05:31 (583 turns).

shoop the Insei (Meteoran Transmuter)                Turns: 583, Time: 00:05:32

Health: -1/41      AC:  2    Str: 13    XL:     5   Next: 64%
Magic:  5/10       EV: 20    Int: 21    God:
Gold:   19         SH:  0    Dex: 19    Spells: 5/9 levels left

rFire   . . .      SeeInvis .     - Unarmed
rCold   . . .      Faith    .   (shield currently unavailable)
rNeg    . . .      Spirit   .   (body armour currently unavailable)
rPois   x          Reflect  .   (helmet currently unavailable)
rElec   .          Harm     .   (cloak currently unavailable)
rCorr   .          Rampage  .   (gloves currently unavailable)
Will    .....                   (boots currently unavailable)
Stlth   +.........              (no amulet)
HPRegen 0.13/turn               c - +6 ring of intelligence
MPRegen 0.12/turn               (no ring)

@: spider-form, glowing
A: venomous fangs, tiny, sense surroundings 1, otherworldly, glowing, explore
regen
a: End Transformation


You were on level 4 of the Dungeon.
You were a venomous arachnid creature.
You visited 1 branch of the dungeon, and saw 4 of its levels.

You collected 75 gold pieces.
You spent 56 gold pieces at shops.

Inventory:

Armour
 a - a +0 robe (melded)
 f - a +0 buckler
 g - a +0 pair of boots (melded)
Magical Staves
 d - a staff of air
Jewellery
 c - a +6 ring of intelligence (left front leg)
Wands
 m - a wand of flame (12)
Scrolls
 e - 2 scrolls of teleportation
 h - 2 scrolls of immolation {unknown}
 i - a scroll of poison {unknown}
 l - 4 scrolls of vulnerability {unknown}
 n - a scroll of identify {unknown}
 o - a scroll of noise
Potions
 b - a potion of lignification
 j - a potion of might {unknown}
 k - 2 potions of curing


   Skills:
 + Level 2.0 Fighting
 - Level 3.0 Dodging
 + Level 5.1 Unarmed Combat
 - Level 2.7 Spellcasting
 - Level 3.1 Transmutations
 - Level 2.0 Poison Magic
 + Level 1.3 Evocations


You had 5 spell levels left.
You knew the following spells:

 Your Spells              Type           Power      Damage    Failure   Level
a - Beastly Appendage     Tmut           32%        N/A       12%         1
c - Spider Form           Tmut/Pois      13%        N/A       32%         3

Your spell library contained the following spells:

 Spells                   Type           Power      Damage    Failure   Level
 Wereblood                Tmut           16%        N/A       17%         2
 Ice Form                 Ice/Tmut       9%         N/A       78%         4


Dungeon Overview and Level Annotations

Branches:
Dungeon (4/15)
 Temple: D:4-7

Altars:
Cheibriados

Shops:
D:3 ?(


Innate Abilities, Weirdness & Mutations

You are a venomous arachnid creature.
You have poisonous fangs.
You are tiny and dextrous.
Your spellcasting is less reliable in this form.
Your armour is entirely melded.
You are incapable of wielding weapons or throwing items.
You passively map a small area around you.
You are easily found by Zot.
You glow in the dark.
You regain HP and MP as you explore.


Message History

The hound misses you. The ball python bites you.
The ball python barely misses you.
You bite the hound!
You kill the hound!
The ball python bites you but does no damage.
The ball python completely misses you.
Training target 3.0 for Dodging reached!
Your Fighting skill increases to level 2!
Your Dodging skill increases to level 3!
Your Unarmed Combat skill increases to level 5!
Your Evocations skill increases to level 1!
You completely miss the ball python. The ball python misses you.
The ball python closely misses you.
You barely miss the ball python.
The ball python bites you but does no damage.
The ball python grabs you. The ball python constricts you.
The iguana bites you! The goblin misses you.
The ball python completely misses you. The ball python constricts you.
Unknown command.
You escape the ball python's grasp.
The goblin attacks as you move away! The goblin barely misses you.
Your magical contamination has completely faded away.
You barely miss the iguana. The goblin hits you with a +0 club.
The iguana bites you!
You hit the iguana.
The iguana is poisoned.
The iguana is lightly wounded.
The iguana bites you. The goblin hits you with a +0 club.
You hit the iguana.
The iguana looks as sick as possible!
The iguana is heavily wounded.
The goblin barely misses you. The iguana closely misses you.
You barely miss the iguana.
The iguana is heavily wounded.
The iguana barely misses you. The goblin hits you with a +0 club.
You hit the iguana but do no damage.
The iguana looks as sick as possible!
The iguana is heavily wounded.
The goblin completely misses you. The iguana misses you.
You hit the iguana.
The iguana is severely wounded.
The iguana bites you!
You die...

*#....., , , .....,
### , .... ##..# ##
,..... ....# ,#_#
..,..,,...... ,
,≈≈≈# #. #.##......
,≈≈≈≈≈##.
#.S....... ,
≈≈w≈≈...###l.......
≈≈≈≈≈...#.sg...#...
.≈≈≈ #.....#####
.....###)..##.#, ,,
* .....##.......# .
......##...##...# ,
** ,
,,#........###.## ,
,, #.........#...#
* , #....#........#
*#............##*
.,


You could see an iguana (extremely poisoned), a goblin and a ball python.

Vanquished Creatures
  2 hounds (D:4)
  Ijyb (D:3)
  An adder (D:2)
  A shadow imp (D:3)
  A worm (D:2)
  2 endoplasms
  A giant cockroach (D:1)
  2 goblins
  4 jackals (D:1)
  A quokka (D:1)
  4 ball pythons
  2 bats (D:3)
  3 frilled lizards
  2 kobolds (D:1)
  2 rats
29 creatures vanquished.

Notes
Turn   | Place    | Note
-------+----------+-------------------------------------------
     0 | D:1      | shoop the Meteoran Transmuter began the quest for the Orb.
     0 | D:1      | Reached XP level 1. HP: 16/16 MP: 5/5
   120 | D:1      | Reached XP level 2. HP: 20/23 MP: 4/6
   156 | D:1      | Reached skill level 4 in Unarmed Combat
   183 | D:2      | Noticed an ogre
   366 | D:2      | Reached XP level 3. HP: 15/28 MP: 8/8
   376 | D:2      | Learned a level 3 spell: Spider Form
   458 | D:3      | Noticed Ijyb
   466 | D:3      | Reached skill level 1 in Poison Magic
   466 | D:3      | Reached XP level 4. HP: 34/35 MP: 6/9
   474 | D:3      | Killed Ijyb
   485 | D:3      | Found Haaxut's Antique Weapon Emporium.
   520 | D:3      | Found Uhotuho's Magic Scroll Shop.
   531 | D:3      | Bought a scroll of noise for 14 gold pieces
   531 | D:3      | Bought a scroll of teleportation for 42 gold pieces
   551 | D:4      | Reached XP level 5. HP: 36/41 MP: 6/10
   565 | D:4      | Found a snail-covered altar of Cheibriados.
   575 | D:4      | Reached skill level 5 in Unarmed Combat
   575 | D:4      | Reached skill level 1 in Evocations
   583 | D:4      | Slain by an iguana

Illustrated notes

Levels and vault maps discovered:
D:1:      onia_arrival_pyramid, layout_basic, solitary_fountain
D:2:      layout_loops_ring, basic_altar, uniq_natasha
D:3:      layout_basic, serial_shops, nicolae_diamond_shop,
          nicolae_shop_hallway_stairs, shop, uniq_crazy_yiuf_cottage, uniq_ijyb
D:4:      layout_cave_pools, lemuel_coloured_pillars_altar,
          kennysheep_slug_shrine, minmay_misc_feat_columns, uniq_pikel

Skill      XL: |  1  2  3  4  5 |
---------------+----------------+-----
Unarmed Combat | 4 5 |  5.1
Transmutations | 3 |  3.1
Poison Magic   | 1 2 |  2.0
Fighting       | 2 |  2.0
Dodging        | 3 |  3.0
Evocations     | 1 |  1.3
Spellcasting   | |  2.7

Action                   |  1- 3 |  4- 6 || total
-------------------------+-------+-------++-------
Melee: Unarmed           |    56 |    35 ||    91
       Headbutt          |     3 |       ||     3
       Kick              |     9 |       ||     9
       Punch             |     1 |       ||     1
 Cast: Beastly Appendage |    10 |       ||    10
       Spider Form       |     1 |     2 ||     3
  Use: Potion            |     1 |       ||     1
Armor: Robe              |    12 |     4 ||    16
       Skin              |       |     3 ||     3
Dodge: Dodged            |    25 |    33 ||    58

Table legend: (Time is in decaauts)
 A = Elapsed time spent in this place.
 B = Non-inter-level travel time spent in this place.
 C = Inter-level travel time spent in this place.
 D = Time resting spent in this place.
 E = Time spent auto-exploring this place.
 F = Levels seen in this place.
 G = Mean time per level.
                   A        B        C        D        E       F      G
               +--------+--------+--------+--------+--------+-----+--------+
         Total |    575 |    575 |      0 |      0 |      0 |   4 |  143.8 |
       Dungeon |    575 |    575 |      0 |      0 |      0 |   4 |  143.8 |
               +--------+--------+--------+--------+--------+-----+--------+

Top non-repeatable levels by time:
     D:1: 317 daAuts
     D:2: 112 daAuts
     D:3: 109 daAuts
     D:4: 36 daAuts
